AoeStats
← Tiltstars

Arabia

511080098Analyzed
1v1 RM · 13d ago on Oct 3, 2026· 26m 50s· 2 players
Game mode
Random Map
Map size
Tiny (2 player)
Population
200
Speed
Normal
Resources
Standard
Victory
Conquest
Starting age
Dark Age
Ending age
Imperial Age
RankedLock teamsTeams togetherTeam positionsShared explorationLock speedFull tech treeHidden civsTurbo modeCheats
Victory
Defeat
🇩🇪 Malians · Germany
1506
+16
vs
🇩🇪 Koreans · Germany
1512
-16
Tiltstars
6:40 Loom
9:22 Feudal Age
9:31 Man-at-Arms
10:11 Double-Bit Axe
14:01 Fletching
18:15 Scale Mail Armor
19:05 Forging
19:33 Horse Collar
26:40 Castle Age
25:37 Padded Archer Armor
25:46 Gold Mining
27:02 Arson
ButtonMasher
5:23 Loom
5:49 Loom
9:02 Feudal Age
9:42 Double-Bit Axe
13:29 Fletching
Connection lost

Rejoining the realm…

Still unreachable

The connection could not be restored.

Session expired

The server has moved on; the page needs a fresh start.